 Dungeon Crawl Stone Soup version 0.24-a0-388-gb57f36d6e0 (webtiles) character file.

Game seed: 8915241543745366917

35 NAMEhzj the Chopper (level 3, 0/34 HPs)
             Began as a Hill Orc Berserker on June 4, 2019.
             Was a Follower of Trog.
             Slain by a gnoll
             ... wielding a +0 spear
              (2 damage)
             ... on level 2 of the Dungeon.
             The game lasted 00:11:40 (1322 turns).

NAMEhzj the Chopper (Hill Orc Berserker)            Turns: 1322, Time: 00:11:41

Health: 0/34       AC: 11    Str: 20    XL:     3   Next: 35%
Magic:  3/3        EV:  6    Int:  7    God:    Trog [*.....]
Gold:   65         SH:  0    Dex: 10    Spells: 2/2 levels left

rFire    . . .     SeeInvis .   a - +0 hand axe
rCold    . . .     Gourm    .   (no shield)
rNeg     . . .     Faith    .   e - +0 plate armour
rPois    .         Spirit   .   (no helmet)
rElec    .         Reflect  .   (no cloak)
rCorr    .         Harm     .   (no gloves)
MR       .....                  (no boots)
Stlth    ..........             (no amulet)
HPRegen  0.11/turn              (no ring)
MPRegen  0.08/turn              (no ring)

@: no status effects
A: no striking features
a: Berserk, Renounce Religion


You were on level 2 of the Dungeon.
You worshipped Trog.
Trog was aware of your devotion.
You were not hungry.

You visited 1 branch of the dungeon, and saw 2 of its levels.

You collected 65 gold pieces.

Inventory:

Hand Weapons
 a - a +0 hand axe (weapon)
 l - a +0 dagger
Missiles
 m - 5 stones (quivered)
Armour
 b - a +0 animal skin
 e - a +0 plate armour (worn)
 h - a +0 robe
Scrolls
 f - a scroll of remove curse {unknown}
 j - a scroll of identify {unknown}
 k - a scroll of fog {unknown}
Potions
 d - a potion of flight {unknown}
Comestibles
 c - a ration


   Skills:
 + Level 4.4 Fighting
 + Level 4.8 Axes
 + Level 2.3 Armour
 + Level 1.6 Dodging
 + Level 0.1 Stealth


You had 2 spell levels left.
You didn't know any spells.
Your spell library was empty.

Dungeon Overview and Level Annotations

Branches:
Dungeon (2/15)

Altars:


Message History

The gnoll hits you from afar with a +0 spear.
* * * LOW HITPOINT WARNING * * *
The gnoll barely misses you. The gnoll hits you but does no damage.
Your plate armour prevents you from hitting the gnoll.
The gnoll is severely wounded.
The gnoll hits you from afar with a +0 spear.
* * * LOW HITPOINT WARNING * * *
The gnoll hits you but does no damage.
You hit the gnoll.
You kill the gnoll!
Trog accepts your kill. The gnoll hits you but does no damage.
The gnoll closely misses you. The gnoll hits you with a +0 spear.
* * * LOW HITPOINT WARNING * * *
The gnoll hits you with a +0 spear.
* * * LOW HITPOINT WARNING * * *
You see here a gnoll corpse.
You closely miss the gnoll. You hit the gnoll.
The gnoll hits you with a +0 spear.
You die...

..... #####... #.#.####.# ....
...... ......(. .. ... ...#
#.#.... ..
..##+########.####.#..###.##.
..#.............##.#..#......
..#..........................
..#..#######....##.#..#..####
..#.............##.#..#.##
÷....#######...g@.......#
.........# #...g#.......#
..÷......###....##.#....#
....[...................#
.........###.#..........#
........####.#..........####+##
..........................>....
.######.##.#.#.................
.# .##.#..........^...#....


You could see 2 gnolls.

Vanquished Creatures
  2 gnolls (D:2)
  A leopard gecko (D:1)
  2 hobgoblins (D:2)
  4 kobolds
  2 quokkas (D:2)
  3 bats
  3 rats
17 creatures vanquished.

Notes
Turn   | Place    | Note
-------+----------+-------------------------------------------
     0 | D:1      | NAMEhzj the Hill Orc Berserker began the quest for the Orb.
     0 | D:1      | Reached XP level 1. HP: 19/19 MP: 1/1
   930 | D:2      | Reached XP level 2. HP: 24/27 MP: 2/2
  1315 | D:2      | Reached XP level 3. HP: 24/33 MP: 3/3
  1322 | D:2      | Slain by a gnoll

Levels and vault maps discovered:
D:1:      saegor_arrival_simple_c, layout_loops_ring, minmay_tetromino_t2
D:2:      layout_basic, tso_altar

Skill      XL: |  1  2 |
---------------+-------+-----
Fighting       | 4 |  4.4
Axes           | |  4.8
Armour         | |  2.3
Dodging        | |  1.6
Stealth        | |  0.1

Action                   || total
-------------------------++-------
Melee: Hand axe          ||    43
  Use: Potion            ||     1
  Eat: Chunk             ||     1
Armor: Plate armour      ||    74
       Animal skin       ||     1
Dodge: Dodged            ||    35

Table legend:
 A = Non-vault XP
 B = Vault XP
 C = Vault XP percentage of total XP
 D = Non-vault monster count
 E = Vault monster count
 F = Vault count percentage of total count
                 A         B        C        D         E       F
            +---------+---------+-------+---------+---------+-------
      Total |      51 |       0 |   0.0 |      17 |       0 |   0.0
            +---------+---------+-------+---------+---------+-------
        D:1 |       8 |       0 |   0.0 |       5 |       0 |   0.0
        D:2 |      43 |       0 |   0.0 |      12 |       0 |   0.0
            +---------+---------+-------+---------+---------+-------
